AoeStats
← Yoshi [ Paladin ]

Fortress

510245648Analyzed
4v4 RM · 22h ago on Sep 30, 2026· 91m 40s· 8 players
Game mode
Random Map
Map size
Huge
Population
200
Speed
Normal
Resources
Standard
Victory
Conquest
Starting age
Dark Age
Ending age
Imperial Age
RankedLock teamsTeams togetherTeam positionsShared explorationLock speedFull tech treeHidden civsTurbo modeCheats
Victory
Defeat
🇨🇴 Varangians · Colombia
1165
+16
🇨🇴 Mongols · Colombia
1160
+16
🇨🇴 Byzantines · Colombia
1139
+17
🇨🇴 Burmese · Colombia
1131
+17
🇺🇸 Burmese · United States
1198
-18
🇨🇳 Franks · China
1193
-17
🇬🇹 Byzantines · Guatemala
1182
-17
🇲🇽 Aztecs · Mexico
1088
-14
Sir Toad
8:02 Feudal Age
8:53 Double-Bit Axe
9:20 Horse Collar
13:15 Castle Age
12:41 Gold Mining
14:04 Loom
17:58 Scale Barding Armor
28:39 Imperial Age
26:31 Heavy Plow
29:01 Chain Barding Armor
28:54 Forging
29:02 Bloodlines
30:07 Wheelbarrow
29:47 Bow Saw
30:21 Plate Barding Armor
30:12 Conscription
29:34 Light Cavalry
30:24 Husbandry
30:18 Cavalier
32:24 Hussar
33:59 Iron Casting
35:49 Blast Furnace
36:04 Vendel Legacy
36:07 Elite Jarl
37:46 Hand Cart
38:54 Two-Man Saw
41:57 Town Watch
42:01 Gothikon
44:19 Elite Varangian Guard
45:09 Town Patrol
47:38 Gambesons
47:54 Squires
52:14 Murder Holes
57:13 Siege Engineers
61:58 Crop Rotation
65:37 Caravan
72:27 Guilds
80:48 Arson
Richi_Escarlata
7:12 Feudal Age
7:04 Loom
12:24 Castle Age
10:54 Horse Collar
11:44 Gold Mining
24:46 Imperial Age
22:03 Town Watch
22:54 Wheelbarrow
23:01 Wheelbarrow
23:23 Fletching
23:43 Forging
23:38 Scale Barding Armor
24:24 Hand Cart
24:02 Stone Mining
25:25 Gold Shaft Mining
24:53 Heavy Plow
25:30 Coinage
25:15 Bloodlines
25:05 Husbandry
26:17 Crop Rotation
26:54 Chemistry
26:47 Conscription
26:43 Elite Battle Elephant
28:22 Iron Casting
28:07 Chain Barding Armor
28:59 Chain Barding Armor
30:27 Blast Furnace
33:23 Plate Barding Armor
32:59 Siege Engineers
33:43 Elite Arambai
36:07 Pikeman
36:47 Squires
36:32 Gambesons
36:48 Squires
36:40 Halberdier
38:20 Howdah
42:52 Manipur Cavalry
42:50 Man-at-Arms
43:16 Arson
43:34 Caravan
44:05 Banking
43:45 Guilds
44:05 Long Swordsman
46:18 Ballistics
46:08 Masonry
53:06 Architecture
54:31 Scale Mail Armor
54:27 Bodkin Arrow
54:32 Padded Archer Armor
54:33 Two-Handed Swordsman
57:47 Bracer
58:03 Chain Mail Armor
58:08 Fervor
58:18 Sanctity
60:17 Champion
67:26 Capped Ram
72:44 Plate Mail Armor
75:52 Fortified Wall
75:48 Crossbowman
Yoshi [ Paladin ]
7:02 Feudal Age
11:00 Castle Age
9:10 Double-Bit Axe
9:24 Horse Collar
10:01 Fletching
12:09 Bow Saw
18:42 Town Watch
19:42 Wheelbarrow
18:57 Town Watch
18:59 Loom
19:23 Bodkin Arrow
19:29 Padded Archer Armor
20:19 Gold Mining
20:57 Heavy Plow
26:23 Imperial Age
24:28 Bloodlines
24:19 Husbandry
25:53 Hand Cart
25:18 Light Cavalry
26:50 Town Patrol
27:08 Leather Archer Armor
29:41 Ballistics
30:21 Chemistry
29:18 Murder Holes
30:03 Conscription
30:23 Hussar
33:47 Bracer
33:52 Scale Barding Armor
36:03 Elite Mangudai
38:44 Chain Barding Armor
38:44 Forging
51:28 Onager
51:50 Capped Ram
52:42 Siege Ram
57:22 Drill
61:24 Coinage
65:42 Caravan
74:24 Gold Shaft Mining
75:21 Thumb Ring
75:41 Parthian Tactics
Bullfrog_III
8:09 Feudal Age
9:32 Loom
12:21 Castle Age
12:01 Horse Collar
14:21 Light Cavalry
16:02 Scale Barding Armor
16:50 Forging
23:44 Double-Bit Axe
25:00 Bow Saw
24:54 Heavy Plow
25:05 Gold Mining
27:56 Chain Barding Armor
27:40 Husbandry
31:55 Iron Casting
35:53 Imperial Age
34:09 Gold Shaft Mining
34:22 Caravan
35:13 Stone Mining
36:07 Pikeman
36:50 Squires
37:30 Logistica
36:42 Elite Cataphract
38:50 Conscription
39:08 Plate Barding Armor
38:24 Arson
40:58 Wheelbarrow
40:56 Crop Rotation
41:04 Stone Shaft Mining
40:59 Halberdier
42:12 Hand Cart
44:56 Chemistry
46:32 Two-Man Saw
48:46 Fortified Wall
52:12 Scale Mail Armor
52:12 Padded Archer Armor
52:03 Fletching
55:38 Ballistics
58:44 Guilds
59:05 Coinage
58:58 Gambesons
59:26 Greek Fire
61:59 Chain Mail Armor
62:00 Leather Archer Armor
61:40 Bodkin Arrow
68:55 Elite Skirmisher
72:43 Capped Ram
73:01 Onager
73:43 Siege Ram
75:17 Man-at-Arms
88:31 Long Swordsman
88:33 Elite Varangian Guard
91:19 Treadmill Crane
PeppyIsland31
8:29 Feudal Age
12:43 Castle Age
10:26 Horse Collar
13:50 Heavy Plow
15:42 Loom
19:23 Gold Mining
20:39 Scale Barding Armor
23:37 Chain Barding Armor
23:28 Forging
25:04 Gold Shaft Mining
26:32 Bloodlines
26:23 Husbandry
27:02 Iron Casting
27:36 Wheelbarrow
27:05 Stone Mining
27:31 Town Watch
30:33 Imperial Age
27:29 Light Cavalry
29:06 Hand Cart
28:56 Manipur Cavalry
31:47 Conscription
32:04 Plate Barding Armor
30:53 Hussar
33:52 Blast Furnace
33:38 Caravan
34:20 Fletching
35:01 Howdah
34:42 Elite Battle Elephant
35:41 Bodkin Arrow
38:22 Siege Engineers
38:38 Ballistics
37:59 Treadmill Crane
37:51 Pikeman
38:29 Halberdier
39:10 Squires
39:13 Scale Mail Armor
40:18 Chain Mail Armor
40:46 Crop Rotation
42:40 Plate Mail Armor
42:10 Bracer
42:11 Padded Archer Armor
43:50 Heavy Scorpion
54:27 Chemistry
53:38 Masonry
53:39 Fortified Wall
76:58 Town Patrol
84:11 Man-at-Arms
85:03 Gambesons
84:49 Long Swordsman
85:30 Two-Handed Swordsman
86:28 Champion
86:54 Arson
Tlacaelel.MX
4:22 Loom
6:32 Feudal Age
11:32 Castle Age
9:57 Double-Bit Axe
10:54 Horse Collar
11:08 Gold Mining
15:13 Sanctity
19:05 Bow Saw
19:19 Heavy Plow
20:49 Fervor
21:55 Wheelbarrow
21:58 Elite Skirmisher
22:44 Crossbowman
23:53 Fletching
23:55 Town Watch
26:00 Ballistics
26:48 Bodkin Arrow
28:47 Scale Mail Armor
29:23 Redemption
29:17 Padded Archer Armor
33:28 Hand Cart
37:33 Fortified Wall
38:20 Murder Holes
39:45 Leather Archer Armor
39:46 Chain Mail Armor
41:30 Gold Shaft Mining
40:45 Stone Mining
41:08 Forging
41:29 Pikeman
57:46 Caravan
67:03 Imperial Age
68:04 Squires
67:49 Arson
69:13 Iron Casting
68:14 Arbalester
68:58 Bracer
69:29 Plate Mail Armor
70:03 Chemistry
73:01 Man-at-Arms
73:26 Gambesons
74:57 Block Printing
75:17 Theocracy
74:13 Long Swordsman
75:56 Blast Furnace
75:42 Two-Handed Swordsman
76:19 Eagle Warrior
76:47 Champion
78:54 Illumination
80:08 Capped Ram
83:37 Siege Ram
85:45 Crop Rotation
88:06 Atlatl
88:27 Conscription
89:43 Garland Wars
ViChoc
4:40 Loom
6:36 Feudal Age
12:54 Castle Age
17:38 Imperial Age
16:22 Wheelbarrow
30:52 Fortified Wall
33:06 Treadmill Crane
38:48 Gold Mining
40:23 Squires
40:08 Arson
39:44 Pikeman
40:20 Double-Bit Axe
41:53 Gold Shaft Mining
41:08 Stone Mining
42:34 Bow Saw
43:18 Hand Cart
44:58 Two-Man Saw
44:50 Horse Collar
47:50 Stone Shaft Mining
50:19 Chemistry
49:40 Ballistics
49:15 Fletching
49:26 Padded Archer Armor
49:42 Forging
49:33 Scale Mail Armor
49:38 Scale Barding Armor
49:56 Thumb Ring
49:13 Heavy Cavalry Archer
49:15 Elite Skirmisher
50:55 Bodkin Arrow
51:15 Leather Archer Armor
57:15 Bracer
62:13 Man-at-Arms
62:38 Gambesons
65:57 Ring Archer Armor
71:42 Heavy Plow
71:19 Light Cavalry
72:01 Husbandry
73:06 Caravan
76:27 Coinage
76:08 Guilds
EU _XING
7:09 Feudal Age
11:49 Castle Age
10:44 Double-Bit Axe
13:22 Wheelbarrow
13:02 Bow Saw
15:03 Loom
16:55 Pikeman
17:42 Gold Mining
21:26 Hand Cart
21:39 Stone Mining
23:04 Town Watch
24:53 Caravan
28:16 Imperial Age
26:49 Fortified Wall
26:24 Treadmill Crane
27:20 Forging
27:15 Scale Barding Armor
27:58 Caravan
28:48 Iron Casting
28:13 Scale Mail Armor
28:42 Husbandry
29:16 Chain Barding Armor
28:22 Halberdier
28:49 Arson
29:45 Ballistics
29:49 Conscription
31:13 Blast Furnace
31:08 Plate Barding Armor
30:01 Cavalier
31:12 Chain Mail Armor
31:24 Fletching
31:33 Murder Holes
31:12 Paladin
32:06 Squires
33:23 Plate Mail Armor
33:27 Bodkin Arrow
35:24 Padded Archer Armor
36:43 Leather Archer Armor
36:47 Gambesons
36:24 Man-at-Arms
37:56 Gold Shaft Mining
37:45 Long Swordsman
38:21 Two-Handed Swordsman
39:03 Town Patrol
39:55 Light Cavalry
40:34 Champion
43:29 Chivalry
42:50 Ordonnance Companies
44:10 Hoardings
43:48 Masonry
44:39 Chemistry
43:25 Arrowslits
43:45 Siege Engineers
43:25 Arrowslits
46:55 Architecture
61:05 Elite Throwing Axeman
87:17 Elite Skirmisher
Connection lost

Rejoining the realm…

Still unreachable

The connection could not be restored.

Session expired

The server has moved on; the page needs a fresh start.